 Dungeon Crawl Stone Soup version 0.25.0-3-gd7cc5688da (webtiles) character file.

Game seed: 7788333037733707115

6561 mopl the Grappler (level 11, -1/97 HPs)
             Began as a Ghoul Skald on June 15, 2020.
             Slain by a centaur warrior skeleton (5 damage)
             ... on level 10 of the Dungeon.
             The game lasted 00:12:05 (9976 turns).

mopl the Grappler (Ghoul Skald)                     Turns: 9976, Time: 00:12:05

Health: -1/97      AC: 10    Str: 16    XL:     11   Next: 1%
Magic:  12/12      EV: 10    Int:  8    God:
Gold:   51         SH: 10    Dex: 11    Spells: 12/13 levels left

rFire    + . .     SeeInvis .     - Unarmed
rCold    + . .     Gourm    .   t - +0 buckler
rNeg     + + +     Faith    .   k - +0 scale mail {rF+}
rPois    ∞         Spirit   .   i - +0 helmet
rElec    .         Reflect  +   a - +0 cloak
rCorr    .         Harm     .   (no gloves)
MR       +....                  o - +0 pair of boots
Stlth    ..........             F - amulet of reflection
HPRegen  0.00/turn              s - ring of protection from magic
MPRegen  0.13/turn              (no ring)

@: rotting
A: rotting body, claws 1, carnivore, cold resistance 1, negative energy
resistance 3, inhibited regeneration, torment resistance, unbreathing
a: no special abilities


You were on level 10 of the Dungeon.
You were not hungry.

You visited 2 branches of the dungeon, and saw 11 of its levels.

You collected 491 gold pieces.
You spent 440 gold pieces at shops.

Inventory:

Hand Weapons
 E - a +4 scimitar of flaming
Missiles
 m - 8 boomerangs (quivered)
 D - 5 throwing nets
 M - 14 poisoned darts
Armour
 a - a +0 cloak (worn)
 i - a +0 helmet (worn)
 k - a +0 scale mail of fire resistance (worn)
 o - a +0 pair of boots (worn)
 t - a +0 buckler (worn)
 x - a +0 tower shield
Jewellery
 r - an uncursed amulet of faith
 s - a ring of protection from magic (left claw)
 w - an uncursed ring of ice
 F - an amulet of reflection (around neck)
Wands
 y - a wand of flame (12)
 C - a wand of disintegration (10)
 G - a wand of clouds (5)
 I - a wand of iceblast (8)
 N - a wand of polymorph (8)
 O - a wand of paralysis (9)
Scrolls
 b - a scroll of fear {unknown}
 d - 3 scrolls of remove curse
 e - 3 scrolls of enchant armour {unknown}
 f - 7 scrolls of teleportation
 h - 3 scrolls of noise {unknown}
 j - 3 scrolls of amnesia
 B - a scroll of enchant weapon {unknown}
 H - 2 scrolls of random uselessness {unknown}
 J - a scroll of fog {unknown}
 K - 3 scrolls of acquirement {unknown}
 L - a scroll of summoning {unknown}
 P - a scroll of blinking {unknown}
 R - a scroll of identify
Potions
 g - 5 potions of curing {unknown}
 l - a potion of haste
 n - 2 potions of heal wounds
 p - 2 potions of flight
 q - 3 potions of ambrosia
 u - a potion of brilliance
 v - 2 potions of might
 A - 2 potions of invisibility
 Q - a potion of stabbing {unknown}
Comestibles
 c - 20 rations
 z - 2 chunks of flesh


   Skills:
 + Level 9.2 Fighting
 + Level 2.4 Throwing
 + Level 2.9 Armour
 + Level 3.2 Dodging
 + Level 4.9 Shields
 * Level 12.4 Unarmed Combat
 - Level 1.7 Spellcasting
 - Level 2.6 Charms
 + Level 2.5 Evocations


You had 12 spell levels left.
You knew the following spells:

 Your Spells              Type           Power        Failure   Level  Hunger
a - Infusion              Chrm           #...         41%         1    ##.....

Your spell library contained the following spells:

 Spells                   Type           Power        Failure   Level  Hunger
 Song of Slaying          Chrm           #.......     54%         2    ###....
 Shroud of Golubria       Chrm/Tloc      #.....       75%         2    ###....
 Swiftness                Chrm/Air       #.......     75%         2    ###....
 Shock                    Conj/Air       #...         78%         1    ##.....
 Ozocubu's Armour         Chrm/Ice       #.......     92%         3    ####...
 Spectral Weapon          Hex/Chrm       #.......     92%         3    ####...
 Static Discharge         Conj/Air       #.......     98%         3    ####...
 Airstrike                Air            #.........   100%        4    #####..
 Lightning Bolt           Conj/Air       #.........   100%        5    ######.


Dungeon Overview and Level Annotations

Branches:
Dungeon (10/15)            Temple (1/1) D:5            Lair (0/6) D:9
    Orc: D:9-12

Altars:
Ashenzari
Cheibriados
Dithmenos
Elyvilon
Fedhas
Gozag
Hepliaklqana
Kikubaaqudgha
Makhleb
Nemelex Xobeh
Okawaru
Qazlal
Ru
Sif Muna
Trog
Uskayaw
Vehumet
Wu Jian
Xom
Yredelemnul
Zin
The Shining One

Shops:
D:4 %   D:8 %   D:9 *!}

Annotations:
D:8 2 transportersfly, Nattefrost's ghost, novice DsFi
D:9 fly


Innate Abilities, Weirdness & Mutations

Your body is rotting away.
You thrive on raw meat.
You are immune to poison.
You have sharp fingernails.
You are carnivorous and can eat meat at any time.
Your flesh is cold resistant. (rC+)
You are immune to negative energy. (rN+++)
You do not regenerate when monsters are visible.
You are immune to unholy pain and torment.
You can survive without breathing.


Message History

You block the centaur warrior skeleton's attack.
You scratch the centaur warrior skeleton but do no damage.
The centaur warrior skeleton is heavily damaged.
You are no longer corroded.
The centaur warrior skeleton hits you.
* * * LOW HITPOINT WARNING * * *
You scratch the centaur warrior skeleton.
The centaur warrior skeleton is severely damaged.
You block the centaur warrior skeleton's attack.
You scratch the centaur warrior skeleton.
The centaur warrior skeleton is severely damaged.
The centaur warrior skeleton hits you but does no damage.
You claw the centaur warrior skeleton!
The centaur warrior skeleton is severely damaged.
The centaur warrior skeleton hits you.
* * * LOW HITPOINT WARNING * * *
You claw the centaur warrior skeleton!
The centaur warrior skeleton is almost destroyed.
The centaur warrior skeleton hits you.
You die...

#.....##...#Z.. ..
#......V...o...
..##......#...#...
..........############ ...
.......V######..#..#.##...
........##.........#.#....
###.....##................
#.....##................
#.....Z@................
#.....)#####........#...
#......#................
##+#...#.###.#.#........
#.###.....#.#........ #.
#######.#........ ..
........#### ##. ##.#....#
#.#.....


You could see a centaur warrior skeleton.

Vanquished Creatures
  Erica (D:8)
  A troll (D:10)
  A hippogriff (D:10)
  Sigmund (D:3)
  A vampire (D:10)
  A wyvern (D:9)
  A hungry ghost (D:10)
  Menkaure (D:4)
  An acid dragon (D:10)
  A soldier ant (D:8)
  5 orc warriors
  Purgy (D:4)
  2 phantoms (D:7)
  2 sky beasts
  3 ice beasts
  A black bear (D:8)
  A necrophage (D:10)
  7 ogres
  2 centaurs
  A crocodile (D:9)
  A big kobold (D:10)
  4 bullfrogs
  A wyvern zombie (D:9)
  A wyvern skeleton (D:7)
  7 scorpions
  3 killer bees (D:8)
  4 howler monkeys
  2 crimson imps
  3 jellies
  4 bullfrog zombies
  A gnoll shaman (D:7)
  4 orc priests
  A bullfrog skeleton (D:8)
  2 hounds
  3 iguanas
  8 orc wizards
  Terence (D:2)
  Natasha (thrice) (D:2)
  3 worker ants
  A hound zombie (D:10)
  A hound skeleton (D:4)
  A worker ant zombie (D:9)
  14 gnolls
  6 adders
  2 shadow imps
  An ooze (D:6)
  3 worms
  A dart slug (D:3)
  9 leopard geckos
  18 orcs
  5 giant cockroaches
  3 goblins
  5 hobgoblins
  9 jackals
  9 kobolds
  4 quokkas
  A ball python (D:5)
  5 bats
  4 frilled lizards
  3 rats
196 creatures vanquished.

Notes
Turn   | Place    | Note
-------+----------+-------------------------------------------
     0 | D:1      | mopl the Ghoul Skald began the quest for the Orb.
     0 | D:1      | Reached XP level 1. HP: 17/17 MP: 2/2
   409 | D:1      | Reached XP level 2. HP: 24/25 MP: 3/3
   892 | D:2      | Reached skill level 3 in Unarmed Combat
  1013 | D:2      | HP: 1/25 [worm (8)]
  1016 | D:2      | Reached XP level 3. HP: 2/30 MP: 4/4
  1552 | D:2      | Noticed Terence
  1575 | D:2      | Killed Terence
  1575 | D:2      | Reached skill level 4 in Unarmed Combat
  1575 | D:2      | Reached XP level 4. HP: 12/38 MP: 5/5
  1892 | D:2      | Noticed Natasha
  1917 | D:2      | Killed Natasha
  2181 | D:2      | Noticed Natasha
  2197 | D:2      | Killed Natasha
  2197 | D:2      | Reached XP level 5. HP: 29/44 MP: 6/6
  2327 | D:2      | Noticed Natasha
  2336 | D:2      | Killed Natasha
  2605 | D:3      | Reached skill level 5 in Unarmed Combat
  2747 | D:3      | Noticed Sigmund
  2760 | D:3      | Killed Sigmund
  2760 | D:3      | Reached skill level 6 in Unarmed Combat
  2760 | D:3      | Reached XP level 6. HP: 49/53 MP: 7/7
  3061 | D:4      | Reached XP level 7. HP: 32/60 MP: 8/8
  3083 | D:4      | Reached skill level 5 in Fighting
  3154 | D:4      | Reached skill level 7 in Unarmed Combat
  3273 | D:4      | Found Yseagy's Food Boutique.
  3281 | D:4      | Noticed Menkaure
  3298 | D:4      | Killed Menkaure
  3553 | D:4      | Noticed Purgy
  3577 | D:4      | Killed Purgy
  3580 | D:4      | Reached skill level 8 in Unarmed Combat
  3580 | D:4      | Reached XP level 8. HP: 53/70 MP: 9/9
  3742 | D:5      | Entered Level 5 of the Dungeon
  3748 | D:5      | Reached skill level 1 in Shields
  4200 | D:5      | Reached skill level 9 in Unarmed Combat
  4418 | D:5      | Found a staircase to the Ecumenical Temple.
  4422 | Temple   | Entered the Ecumenical Temple
  5017 | D:6      | Reached XP level 9. HP: 70/78 MP: 10/10
  5411 | D:6      | Reached skill level 10 in Unarmed Combat
  6458 | D:8      | Noticed Erica
  6486 | D:8      | Killed Erica
  6486 | D:8      | Reached skill level 11 in Unarmed Combat
  6699 | D:8      | Found Metats's Food Emporium.
  6822 | D:8      | Found a transporter.
  6826 | D:8      | Found a transporter.
  6826 | D:8      | Noticed a queen bee
  6829 | D:8      | Noticed Nattefrost's ghost (novice DsFi)
  6862 | D:8      | Reached XP level 10. HP: 85/90 MP: 11/11
  6966 | D:8      | Reached skill level 1 in Armour
  7213 | D:8      | Noticed a lindwurm
  7215 | D:8      | Noticed a lindwurm
  7257 | D:8      | Noticed a lindwurm
  7258 | D:8      | Noticed a lindwurm
  7430 | D:9      | Reached skill level 1 in Evocations
  7702 | D:9      | Reached skill level 1 in Throwing
  7821 | D:9      | Found a blossoming altar of Fedhas.
  7962 | D:9      | Found a glowing golden altar of the Shining One.
  8343 | D:9      | Found Silab's Assorted Antiques.
  8348 | D:9      | Bought a scroll labeled DOMEST VUGECIET for 37 gold pieces
  8348 | D:9      | Bought a scroll labeled ASHROMM CEAPPA for 37 gold pieces
  8348 | D:9      | Bought a yellow potion for 33 gold pieces
  8348 | D:9      | Bought a jewelled scale mail for 333 gold pieces
  8358 | D:9      | Identified the cursed +0 scale mail of Loiq {*Corrode
                  | Regen+ Int+4} (You bought it in a shop on level 9 of the
                  | Dungeon)
  8553 | D:9      | Found Howuqus's Distillery.
  8554 | D:9      | Found a staircase to the Lair.
  8622 | D:9      | Found Anekhut's Gadget Shoppe.
  8770 | D:9      | Reached skill level 12 in Unarmed Combat
  9099 | D:10     | Entered Level 10 of the Dungeon
  9964 | D:10     | Reached XP level 11. HP: 10/97 MP: 12/12
  9975 | D:10     | HP: 4/97 [centaur warrior skeleton (1)]
  9976 | D:10     | Slain by a centaur warrior skeleton

Illustrated notes

Levels and vault maps discovered:
D:1:      roderic_crossed_star, layout_loops_cross, minmay_tetromino_t2
D:2:      layout_loops_ring, uniq_terence, uniq_natasha
D:3:      layout_rooms, lemuel_another_geyser, uniq_sigmund
D:4:      layout_rooms, first_ration, serial_shops, shop, uniq_purgy,
          uniq_menkaure
D:5:      layout_cave_pools, minmay_temple_entry_glassed_door
D:6:      layout_loops_ring
D:7:      layout_gridville, grunt_ogre_cave
D:8:      layout_basic, gammafunk_ghost_hive, serial_shops, shop,
          minmay_lindwurm_lava, uniq_erica
D:9:      layout_irregular_city, marbit_many_paths, lair_entry_dummy,
          basic_altar, serial_shops, shop, nicolae_shop_waterfront, shop,
          serial_rivers, chequers_serial_rivers_micro_e,
          chequers_serial_rivers_micro_a, chequers_serial_rivers_micro_d,
          chequers_serial_rivers_large_a
D:10:     layout_basic, minmay_orc_entry_temple_small, serial_shops,
          nicolae_shop_overgrown_old_shop, nicolae_trove_entry_columns,
          minmay_evil_grid
Temple:   nicolae_temple_the_god_donut

Skill      XL: |  1  2  3  4  5  6  7  8  9 10 |
---------------+-------------------------------+-----
Unarmed Combat | 3 4 6 8 9 11 12 | 12.4
Fighting       | 3 4 5 6 8 9 |  9.2
Shields        | 3 4 |  4.9
Armour         | 2 |  2.9
Dodging        | 3 |  3.2
Evocations     | 2 |  2.5
Throwing       | 2 |  2.4
Spellcasting   | |  1.7
Charms         | |  2.6

Action                   |  1- 3 |  4- 6 |  7- 9 | 10-12 || total
-------------------------+-------+-------+-------+-------++-------
Melee: Unarmed           |    99 |   153 |   301 |   342 ||   895
       Punch             |     1 |     2 |       |       ||     3
Evoke: Wand              |       |       |       |     8 ||     8
  Use: Scroll            |       |       |     8 |     6 ||    14
 Stab: Paralysed         |       |       |       |     8 ||     8
  Eat: Chunk             |     6 |     5 |    17 |    18 ||    46
Armor: Leather armour    |    21 |       |       |       ||    21
       Scale mail        |       |    72 |   108 |   107 ||   287
Dodge: Dodged            |    51 |    69 |   110 |   115 ||   345
Block: Buckler           |       |       |    41 |   129 ||   170
       Reflection        |       |       |       |     3 ||     3
